[Event "2nd Tal Memorial IM 2019"]
[Site "Anogia"]
[Date "2019.09.16"]
[Round "6.4"]
[White "Katopodis, Dimitrios"]
[Black "Sokolovsky, Yahli"]
[Result "1-0"]
[ECO "A49"]
[WhiteElo "2265"]
[BlackElo "2239"]
[Annotator "NA"]
[PlyCount "77"]
[EventDate "2019.09.11"]
[EventType "tourn"]
[EventCountry "GRE"]
[SourceTitle "playchess.com"]
[Source "ChessBase"]
[SourceQuality "1"]
[TimeControl "40/5400+30:1800+30"]

1. d4 Nf6 2. Nf3 g6 3. g3 Bg7 4. Bg2 O-O 5. O-O d6 6. b3 c5 7. c4 cxd4 8. Nxd4 d5 9. cxd5 Nxd5 10. Bb2 Na6 11. Na3 Nac7 12. Nc4 Ne6 13. e3 Nxd4 14. Bxd4 Bxd4 15. Qxd4 Nb6 16. Rfd1 Qxd4 17. Rxd4 Be6 18. Bxb7 Rad8 19. Nxb6 Rxd4 20. exd4 axb6 21. d5 Bd7 22. Rc1 Rd8 23. Rc7 Kf8 24. Bc6 Bh3 25. f3 e6 26. Bd7 Bf5 27. dxe6 Ke7 28. Bc8+ Kf6 29. Rxf7+ Ke5 30. Bd7 Bxe6 31. Bxe6 Kxe6 32. Rxh7 Rd1+ 33. Kg2 Rd2+ 34. Kh3 Rxa2 35. Rb7 Ra6 36. b4 Kf5 37. b5 Ra3 38. f4 g5 39. fxg5 1-0

[Event "2nd Tal Memorial IM 2019"]
[Site "Anogia"]
[Date "2019.09.16"]
[Round "6.5"]
[White "Lekic, Dusan"]
[Black "Bogdanov, Egor"]
[Result "1/2-1/2"]
[ECO "D37"]
[WhiteElo "2331"]
[BlackElo "2422"]
[Annotator "NA"]
[PlyCount "20"]
[EventDate "2019.09.11"]
[EventType "tourn"]
[EventCountry "GRE"]
[SourceTitle "playchess.com"]
[Source "ChessBase"]
[SourceQuality "1"]
[TimeControl "40/5400+30:1800+30"]

1. d4 d5 2. c4 e6 3. Nf3 Nf6 4. Nc3 Be7 5. Bf4 O-O 6. e3 c6 7. Rc1 Nbd7 8. a3 dxc4 9. Bxc4 Nb6 10. Bd3 Nfd5 1/2-1/2

[Event "2nd Tal Memorial IM 2019"]
[Site "Anogia"]
[Date "2019.09.17"]
[Round "7.2"]
[White "Sokolovsky, Yahli"]
[Black "Lekic, Dusan"]
[Result "1/2-1/2"]
[ECO "C77"]
[WhiteElo "2239"]
[BlackElo "2331"]
[Annotator "ChessBase"]
[PlyCount "65"]
[EventDate "2019.09.11"]
[EventType "tourn"]
[EventCountry "GRE"]
[SourceTitle "playchess.com"]
[Source "ChessBase"]
[SourceQuality "1"]
[TimeControl "40/5400+30:1800+30"]

1. e4 e5 2. Nf3 Nc6 3. Bb5 a6 4. Ba4 Nf6 5. d3 d6 6. c3 g6 7. O-O Bg7 8. Re1 O-O 9. Nbd2 Re8 10. h3 h6 11. Nf1 b5 12. Bc2 Bb7 13. Ng3 d5 14. a4 Nb8 15. axb5 axb5 16. Rxa8 Bxa8 17. d4 Nxe4 18. Nxe4 dxe4 19. Nxe5 Nd7 20. Bxe4 Bxe4 21. Rxe4 Nxe5 22. Qe1 g5 23. f4 gxf4 24. Bxf4 f6 25. Re3 Qd5 26. Kh1 Re6 27. Qe2 Ng6 28. Rxe6 Nxf4 29. Re8+ Kf7 30. Re7+ Kf8 31. Re8+ Kf7 32. Re7+ Kf8 33. Re8+ 1/2-1/2

[Event "2nd Tal Memorial IM 2019"]
[Site "Anogia"]
[Date "2019.09.17"]
[Round "7.3"]
[White "Grieve, Harry"]
[Black "Katopodis, Dimitrios"]
[Result "1/2-1/2"]
[ECO "B12"]
[WhiteElo "2277"]
[BlackElo "2265"]
[Annotator "ChessBase"]
[PlyCount "102"]
[EventDate "2019.09.11"]
[EventType "tourn"]
[EventCountry "GRE"]
[SourceTitle "playchess.com"]
[Source "ChessBase"]
[SourceQuality "1"]
[TimeControl "40/5400+30:1800+30"]

1. e4 c6 2. d4 d5 3. e5 Bf5 4. h4 h5 5. Bd3 Bxd3 6. Qxd3 e6 7. Bg5 Qb6 8. Nd2 Qa6 9. c4 Bb4 10. b3 Nd7 11. Ngf3 Nb6 12. Ke2 Nh6 13. Rhc1 Nf5 14. Nf1 Ba3 15. Rc2 c5 16. Ne3 Nxd4+ 17. Nxd4 cxd4 18. Qxd4 Rc8 19. Rd1 O-O 20. Qd3 Bc5 21. cxd5 Bxe3 22. Rc3 Rc7 23. Rxc7 Qb5 24. Rc8 Qxd3+ 25. Kxd3 Rxc8 26. Bxe3 Nxd5 27. Rc1 Rxc1 28. Bxc1 Kf8 29. g3 Ke7 30. Kd4 Kd7 31. Bd2 Kc6 32. Be1 Ne7 33. Bb4 Nd5 34. Bd2 b6 35. Be1 Kb5 36. f3 Ne7 37. g4 Nc6+ 38. Ke4 g6 39. Bc3 Ne7 40. a4+ Kc5 41. Bd2 Nd5 42. Be1 Ne7 43. Kf4 Kd4 44. Kg5 Nc6 45. gxh5 gxh5 46. Bg3 Nxe5 47. Bxe5+ Kxe5 48. b4 a6 49. Kxh5 Kf4 50. Kh6 e5 51. h5 Kxf3 1/2-1/2

[Event "2nd Tal Memorial IM 2019"]
[Site "Anogia"]
[Date "2019.09.17"]
[Round "7.5"]
[White "Sidiropoulos, Nikolaos"]
[Black "Peng, Li Min"]
[Result "0-1"]
[ECO "A67"]
[WhiteElo "2160"]
[BlackElo "2465"]
[Annotator "ChessBase"]
[PlyCount "83"]
[EventDate "2019.09.11"]
[EventType "tourn"]
[EventCountry "GRE"]
[SourceTitle "playchess.com"]
[Source "ChessBase"]
[SourceQuality "1"]
[TimeControl "40/5400+30:1800+30"]

1. d4 e6 2. c4 Nf6 3. Nc3 c5 4. d5 exd5 5. cxd5 d6 6. e4 g6 7. f4 Bg7 8. Bb5+ Nfd7 9. Bd3 O-O 10. Nf3 Na6 11. a3 Nc7 12. O-O Rb8 13. a4 Re8 14. Nd2 Nf6 15. Nc4 Ng4 16. e5 dxe5 17. d6 Na6 18. Be2 h5 19. h3 exf4 20. Bxf4 Bd4+ 21. Kh1 Qh4 22. Bxg4 hxg4 23. Qd2 gxh3 24. g3 Qh5 25. Rae1 Bd7 26. Kh2 Nb4 27. a5 Rxe1 28. Rxe1 Nc6 29. Ne4 Re8 30. Qxd4 Nxd4 31. Nf6+ Kg7 32. Nxh5+ gxh5 33. Rxe8 Nf3+ 34. Kh1 Bxe8 35. Be3 Bb5 36. b3 b6 37. axb6 axb6 38. d7 Bxd7 39. Nxb6 Bc6 40. Bxc5 Nd2+ 41. Kg1 Nf1 {[%emt 0:01:32] Kh2 Nd2 Kg1 Bg2} 42. Bd6 0-1

[Event "2nd Tal Memorial IM 2019"]
[Site "Anogia"]
[Date "2019.09.18"]
[Round "8.4"]
[White "Lekic, Dusan"]
[Black "Grieve, Harry"]
[Result "1/2-1/2"]
[ECO "A84"]
[WhiteElo "2331"]
[BlackElo "2277"]
[Annotator "NA"]
[PlyCount "35"]
[EventDate "2019.09.11"]
[EventType "tourn"]
[EventCountry "GRE"]
[SourceTitle "playchess.com"]
[Source "ChessBase"]
[SourceQuality "1"]
[TimeControl "40/5400+30:1800+30"]

1. d4 d5 2. c4 e6 3. Nf3 c6 4. e3 Bd6 5. Bd3 f5 6. O-O Nf6 7. b3 Qe7 8. Bb2 O-O 9. Nc3 b6 10. Ne5 Ne4 11. Ne2 Bb7 12. Rc1 Nd7 13. cxd5 cxd5 14. f3 Nec5 15. Bb1 Rac8 16. b4 Na6 17. a3 Nab8 18. Qd3 1/2-1/2

[Event "2nd Tal Memorial IM 2019"]
[Site "Anogia"]
[Date "2019.09.18"]
[Round "8.5"]
[White "Bogdanov, Egor"]
[Black "Sokolovsky, Yahli"]
[Result "1-0"]
[ECO "B94"]
[WhiteElo "2422"]
[BlackElo "2239"]
[Annotator "NA"]
[PlyCount "69"]
[EventDate "2019.09.11"]
[EventType "tourn"]
[EventCountry "GRE"]
[SourceTitle "playchess.com"]
[Source "ChessBase"]
[SourceQuality "1"]
[TimeControl "40/5400+30:1800+30"]

1. e4 c5 2. Nf3 d6 3. d4 cxd4 4. Nxd4 Nf6 5. Nc3 a6 6. Bg5 Nbd7 7. f4 Qc7 8. Qd2 h6 9. Bh4 e5 10. Nf5 exf4 11. O-O-O g5 12. Bf2 b5 13. Qd4 Rg8 14. a4 b4 15. Qxb4 d5 16. Qd4 Bc5 17. Nxd5 Nxd5 18. Qxd5 Bb7 19. Qxd7+ Qxd7 20. Rxd7 Kxd7 21. Bxc5 Bxe4 22. Nxh6 Rgc8 23. b4 a5 24. Bb5+ Ke6 25. Bc4+ Kf6 26. Re1 axb4 27. Bd4+ Kg6 28. Bxf7+ Kxh6 29. Rxe4 Rxa4 30. Re6+ Kh7 31. Re7 Kh6 32. Be6 Rc6 33. Bd7 Rxc2+ 34. Kxc2 b3+ 35. Kd3 1-0

[Event "2nd Tal Memorial IM 2019"]
[Site "Anogia"]
[Date "2019.09.19"]
[Round "9.4"]
[White "Sidiropoulos, Nikolaos"]
[Black "Katopodis, Dimitrios"]
[Result "0-1"]
[ECO "D41"]
[WhiteElo "2160"]
[BlackElo "2265"]
[Annotator "ChessBase"]
[PlyCount "74"]
[EventDate "2019.09.11"]
[EventType "tourn"]
[EventCountry "GRE"]
[SourceTitle "playchess.com"]
[Source "ChessBase"]
[SourceQuality "1"]
[TimeControl "40/5400+30:1800+30"]

1. d4 Nf6 2. c4 e6 3. Nc3 d5 4. cxd5 Nxd5 5. e4 Nxc3 6. bxc3 c5 7. Nf3 cxd4 8. cxd4 Bb4+ 9. Bd2 Bxd2+ 10. Qxd2 O-O 11. Bc4 Nc6 12. O-O b6 13. Rac1 Na5 14. Rfd1 Bb7 15. d5 Nxc4 16. Rxc4 exd5 17. exd5 Qd6 18. Qg5 h6 19. Qh5 Rad8 20. Nh4 Qf6 21. h3 Rfe8 22. Nf3 Rd7 23. Rcd4 Red8 24. R1d3 Rd6 25. a3 Qg6 26. Qxg6 fxg6 27. Ne5 g5 28. Nc4 Rxd5 29. Rxd5 Rxd5 30. Re3 Ba6 31. Ne5 Bb5 32. Ng6 Rd6 33. Ne7+ Kf7 34. Re5 Bd3 35. Nd5 Re6 36. f4 Rxe5 37. fxe5 Ke6 0-1